 Dungeon Crawl Stone Soup version 0.17.2 (webtiles) character file.

29 ololoev the Covered (level 3, 0/29 HPs)
             Began as a Demonspawn Fighter on June 9, 2016.
             Slain by a hobgoblin
             ... wielding a +0 club
              (1 damage)
             ... on level 3 of the Dungeon.
             The game lasted 00:01:08 (191 turns).

ololoev the Covered (Demonspawn Fighter)             Turns: 191, Time: 00:01:09

Health: 0/29       AC: 10    Str: 17    XL:     3   Next: 1%
Magic:  3/3        EV:  6    Int:  9    God:
Gold:   26         SH:  8    Dex: 11    Spells: 0 memorised, 2 levels left

rFire  . . .     SeeInvis .     a - +0 war axe
rCold  . . .     Clarity  .     b - +0 scale mail
rNeg   . . .     SustAt   .     c - +0 shield
rPois  .         Gourm    .     (no helmet)
rElec  .         Spirit   .     (no cloak)
rCorr  .         Warding  .     (no gloves)
rMut   .         Stasis   .     (no boots)
MR     .....                    (no amulet)
Stlth  ..........               (no ring)
                                (no ring)

@: not resistant to hostile enchantments, extremely unstealthy
A: rough black scales 1
a: no special abilities


Innate Abilities, Weirdness & Mutations

You are partially covered in rough black scales (AC +4, Dex -1).

Inventory:

Hand Weapons
 a - a +0 war axe (weapon)
Armour
 b - a +0 scale mail (worn)
 c - a +0 shield (worn)
Scrolls
 f - a scroll of identify {unknown}
Potions
 d - a potion of might
Comestibles
 e - a bread ration
 g - 2 beef jerkies
 h - 4 chunks of flesh


   Skills:
 - Level 3.0 Fighting
 * Level 2.6 Axes
 + Level 3.1 Armour
 - Level 2.6 Shields


You had 2 spell levels left.
You didn't know any spells.


You were on level 3 of the Dungeon.
You were not hungry.

You visited 1 branch of the dungeon, and saw 3 of its levels.

You collected 26 gold pieces.

#.. ..### ## ..
.$..... ....
##...#.# .....
..<.#.##.....
#..#........
#..g..#....
#..@....# #
).....#...### .#
..... #.<.# .# #
..>. #...####
..##.. ###
##...[.###......
#.[..........#
#......)..##
#....#.#..#
#.#.##)#.##

Notes
Turn   | Place    | Note
--------------------------------------------------------------
     0 | D:1      | ololoev the Demonspawn Fighter began the quest for the Orb.
     0 | D:1      | Reached XP level 1. HP: 18/18 MP: 1/1
    67 | D:2      | Gained mutation: You are partially covered in rough black scales (AC +4, Dex -1). [demonic ancestry]
    67 | D:2      | Reached XP level 2. HP: 10/24 MP: 2/2
   170 | D:3      | HP: 1/24 [orc/club (2)]
   172 | D:3      | Reached XP level 3. HP: 1/29 MP: 3/3
   190 | D:3      | HP: 1/29 [hobgoblin/club (2)]
   191 | D:3      | Slain by a hobgoblin

Dungeon Overview and Level Annotations

Branches:
Dungeon (3/15)

Altars:


Message History

You hit the orc but do no damage.
The orc is almost dead.
The orc hits you but does no damage.
Your scale mail prevents you from hitting the orc.
The orc is almost dead.
The orc barely misses you.
You closely miss the orc.
The orc is almost dead.
The orc hits you with a club.
You hit the orc but do no damage.
The orc is almost dead.
The orc hits you but does no damage. You block the orc's attack.
You hit the orc.
You kill the orc!
You have reached level 3!
Your experience leads to an increase in your attributes!
Increase (S)trength, (I)ntelligence, or (D)exterity?
You feel stronger.
Things that are here:
a club; a leather armour; an orc corpse You butcher the orc corpse.
h - 4 chunks of flesh
Things that are here:
a club; a leather armour
Items here: ) [ ††† a flail; a ring mail; an orc corpse; a jackal corpse; a jackal corpse You now have 26 gold pieces (gained 9).
Items here: ) [ ††† a flail; a ring mail; an orc corpse; a jackal corpse; a jackal corpse
Found an escape hatch in the ceiling.
A hobgoblin comes into view. It is wielding a club.
The hobgoblin shouts!
Found 5 gold pieces.
There is a stone staircase leading up here.
The hobgoblin hits you with a club.
Found a hunting sling.
Found a stone staircase leading down.
You closely miss the hobgoblin.
The hobgoblin hits you but does no damage.
The hobgoblin hits you with a club.
You die...

You could see a hobgoblin.

Vanquished Creatures
  An adder (D:2)
  3 orcs (D:3)
  A bat (D:1)
  4 kobolds
  A ball python (D:3)
  A giant cockroach (D:2)
  2 giant newts
  2 goblins
  3 jackals (D:3)
18 creatures vanquished.

Action                   || total
-------------------------++-------
Melee: War axe           ||    67

Vault maps used:
D:1:      grunt_arrival_crossed_arrows, serial_bayou_pond_e, minivault_14,
          st_stairs_11
D:2:      minmay_misc_feat_doors, grunt_decor_clamped
D:3:      first_bread
